 Dungeon Crawl Stone Soup version 0.18-a0-373-gaf408bd (webtiles) character file.

1922677 bart the Cloud Mage (level 27, 207/237 HPs)
             Began as a Naga Summoner on Nov 29, 2015.
             Was the Champion of Vehumet.
             Escaped with the Orb
             ... and 3 runes on Dec 2, 2015!
             The game lasted 05:54:03 (53710 turns).

bart the Cloud Mage (Naga Summoner)                Turns: 53710, Time: 05:54:04

Health: 207/237    AC: 32    Str: 13    XL:     27
Magic:  43/43      EV:  8    Int: 29    God:    Vehumet [******]
Gold:   2811       SH: 21    Dex: 14    Spells: 12 memorised, 6 levels left

rFire  + + .     SeeInvis +     a - +9 demon whip (drain)
rCold  + . .     Clarity  +     N - +2 robe {rC+ rF+} {rC+, rF+}
rNeg   + . .     SustAt   .     O - +3 large shield
rPois  +         Gourm    .     M - +2 helmet {rF+}
rElec  +         Spirit   .     W - +2 cloak of Truth {rElec MR+ Regen+ Dex+2}
rCorr  .         Warding  .     S - +2 pair of gloves
rMut   .         Stasis   .     J - +4 naga barding {Fly}
MR     +++++                    x - amulet of regeneration
Stlth  ++........               L - ring "Wiusutoq" {+Fly MR++ Int+3}
                                F - ring "Tuwuij" {rPois rN+ MR+ Slay+2 Stlth+}

@: flying, deflect missiles, very slow, almost entirely resistant to hostile
enchantments, unstealthy
A: fangs 1, see invisible, clarity, deformed body, deterioration 1, low mp 1,
mutation resistance 1, poison resistance, slowness 2, slow metabolism 1, spit
poison 2, MP-powered wands, constrict 1, AC +9
a: Spit Poison, Renounce Religion, Stop Flying
0: Orb of Zot
}: 3/15 runes: barnacled, silver, gossamer


You escaped.
You worshipped Vehumet.
Vehumet was exalted by your worship.
You were very full.

You visited 9 branches of the dungeon, and saw 53 of its levels.
You visited 1 bazaar.
You also visited: Ice Cave, Volcano and Wizlab.

You collected 7302 gold pieces.
You spent 4491 gold pieces at shops.

Inventory:

Hand Weapons
 a - a +9 demon whip of draining (weapon)
 b - a +4 blowgun
Missiles
 v - 19 curare-tipped needles
 C - 83 javelins (quivered)
 H - 6 throwing nets {=f}
Armour
 J - a +4 naga barding of flying (worn)
 M - a +2 helmet of fire resistance (worn)
 N - a +2 robe of resistance (worn) {rC+, rF+}
 O - a +3 large shield (worn)
 S - a +2 pair of gloves (worn)
 W - the +2 cloak of Truth (worn) {rElec MR+ Regen+ Dex+2}
   (You bought it in a shop on level 4 of the Orcish Mines)

   It affects your dexterity (+2).
   It insulates you from electricity.
   It affects your resistance to hostile enchantments.
   It increases your rate of regeneration.
Jewellery
 n - an uncursed amulet of resist mutation
 s - an uncursed ring of protection from cold
 x - an amulet of regeneration (around neck)
 E - the ring "Megresseqid" {+/*Tele rElec rF+ rN++ Dex-4}
   (You took it off a deep elf mage on level 3 of the Elven Halls)

   [ring of teleportation]

   It may teleport you to nearby monsters, and can be evoked to randomly
   teleport.
   It affects your dexterity (-4).
   It protects you from fire.
   It insulates you from electricity.
   It greatly protects you from negative energy.
 F - the ring "Tuwuij" (left hand) {rPois rN+ MR+ Slay+2 Stlth+}
   (You took it off a fire giant on level 2 of the Depths)

   [ring of positive energy]

   It affects your accuracy and damage with ranged weapons and melee attacks
   (+2).
   It protects you from poison.
   It protects you from negative energy.
   It affects your resistance to hostile enchantments.
   It makes you more stealthy.
 L - the ring "Wiusutoq" (right hand) {+Fly MR++ Int+3}
   (You took it off a deep elf death mage on level 3 of the Elven Halls)

   [ring of flight]

   It affects your intelligence (+3).
   It affects your resistance to hostile enchantments.
   It lets you fly.
 Q - the ring of Fuofatem {rN++ Str-2 Slay+2}
   (You found it in an ice cave)

   [ring of slaying]

   It affects your strength (-2).
   It affects your accuracy and damage with ranged weapons and melee attacks
   (+2).
   It greatly protects you from negative energy.
Wands
 g - a wand of disintegration (3)
 r - a wand of fire (2)
 w - a wand of heal wounds (2)
 y - a wand of invisibility (2)
 D - a wand of digging (2)
 I - a wand of teleportation (4)
 Y - a wand of digging (17)
Scrolls
 d - 18 scrolls of remove curse
 e - 15 scrolls of blinking {!r}
 j - 3 scrolls of fog
 k - a scroll of magic mapping {!r}
 m - 8 scrolls of identify
 q - 6 scrolls of recharging
 G - 3 scrolls of teleportation
 T - 2 scrolls of summoning
 V - 9 scrolls of fear
Potions
 f - 7 potions of magic
 h - 4 potions of resistance
 l - 3 potions of cancellation
 p - 14 potions of curing
 t - 6 potions of might
 u - 2 potions of brilliance
 A - 3 potions of haste
 P - a potion of berserk rage {!q}
 Z - 3 potions of agility
Miscellaneous
 B - a lamp of fire
 R - a fan of gales
 X - a phial of floods
Comestibles
 c - 19 bread rations
 o - 10 meat rations
 K - 32 fruits


   Skills:
 - Level 12.4 Fighting
 - Level 15.0 Maces & Flails
 - Level 9.0 Armour
 - Level 1.5 Dodging
 - Level 6.3 Stealth
 - Level 15.2 Shields
 + Level 21.4 Spellcasting
 - Level 10.2 Conjurations
 - Level 11.3 Charms
 - Level 7.1 Summonings
 - Level 7.1 Translocations
 - Level 8.2 Ice Magic
 + Level 24.4 Air Magic
 - Level 11.2 Poison Magic


You had 6 spell levels left.
You knew the following spells:

 Your Spells              Type           Power        Failure   Level  Hunger
a - Tornado               Air            ########..   2%          9    ######.
b - Blink                 Tloc           N/A          1%          2    None
c - Summon Ice Beast      Ice/Summ       ######..     1%          4    None
d - Passage of Golubria   Tloc           N/A          1%          4    None
e - Poisonous Cloud       Conj/Pois/Air  #######...   1%          6    None
f - Summon Lightning Spi  Summ/Air       #######.     1%          4    None
g - Freezing Cloud        Conj/Ice/Air   #######...   1%          6    None
h - Poison Arrow          Conj/Pois      #######...   1%          6    None
i - Chain Lightning       Conj/Air       #######...   2%          8    #####..
A - Apportation           Tloc           ######....   1%          1    None
D - Deflect Missiles      Chrm/Air       #######...   1%          6    None
H - Haste                 Chrm           #######.     1%          6    None


Dungeon Overview and Level Annotations

Branches:
Dungeon (15/15)            Temple (0/1) D:5            Lair (8/8) D:11
 Shoals (4/4) Lair:3       Spider (4/4) Lair:3        Slime (0/6) Lair:7
    Orc (4/4) D:12            Elf (3/3) Orc:3        Vaults (5/5) D:14
  Crypt (0/3) Vaults:3     Depths (5/5) D:15            Zot (5/5) Depths:5

Altars:
Ashenzari
Cheibriados
Dithmenos
Fedhas
Gozag
Kikubaaqudgha
Makhleb
Nemelex Xobeh
Okawaru
Ru
Sif Muna
Trog
Vehumet
Xom
Zin
The Shining One
Beogh
Jiyva

Shops:
D:7 *   D:9 }   D:11 ?*[   Orc:3 }   Orc:4 [*:?[}   Elf:2 ?   Shoals:2 !
Vaults:4 *   Vaults:5 :   Depths:1 :   Depths:3 *   Depths:4 *

Portals:
Hell: Depths:1 Depths:2 Depths:3 Depths:4 Depths:5
Abyss: Depths:3 Depths:4 Depths:5
Pandemonium: Depths:3 Depths:5
Ziggurat: Depths:2

Annotations:
D:4 endege's ghost, amateur DDCK
Elf:2 3 runed doors


Innate Abilities, Weirdness & Mutations

You cannot wear boots.
Your serpentine skin is tough (AC +9).
You have supernaturally acute eyesight.
Armour fits poorly on your strangely shaped body.
Your system is resistant to poisons.
You cover ground very slowly.
You have a slow metabolism.
You can spit poison.
You can use your snake-like lower body to constrict enemies.
You have very sharp teeth.
You possess an exceptional clarity of mind.
Your body sometimes deteriorates upon taking damage.
Your magical capacity is low (-10% MP).
You are somewhat resistant to further mutation.
You expend magic power (3 MP) to strengthen your wands.


Message History

You kill the Orb Guardian!
You feel your power returning.
You hit the smoke demon.
The smoke demon is lightly wounded.
You closely miss the smoke demon. Your bite misses the smoke demon.
The smoke demon is lightly wounded.
The smoke demon gestures at you. Something smites you!
You whack the smoke demon!
The smoke demon is lightly wounded.
The winds around you calm down.
You closely miss the smoke demon.
The smoke demon is lightly wounded.
The smoke demon hits you but does no damage.
You block the smoke demon's attack. x2
You whack the smoke demon!
The smoke demon is heavily wounded.
You whack the smoke demon!
The smoke demon is severely wounded.
You block the smoke demon's attack.
The smoke demon hits you but does no damage.
You block the smoke demon's attack.
You thrash the smoke demon!!
You kill the smoke demon!
You feel your power returning.
You fly upwards.
Level annotation: endege's ghost, amateur DDCK
There is a stone staircase leading down here.
You see here a scroll of random uselessness.
HP restored.
A Brimstone Fiend comes into view.
Casting: Tornado
Confirm with . or Enter, or press ? or * to list all spells.
Aiming: Freezing Cloud
Press: ? - help, Dir - move target cursor The Brimstone Fiend is engulfed in freezing vapours.
The Brimstone Fiend gestures at you.
The hellfire explodes!
The blast of hellfire engulfs you!
The Brimstone Fiend is engulfed in freezing vapours.
Unknown command.
The Brimstone Fiend is engulfed in freezing vapours. x2
You block the Brimstone Fiend's attack.
The Brimstone Fiend hits you but does no damage. x2
Unknown command.
Casting: Freezing Cloud
Confirm with . or Enter, or press ? or * to list all spells.
There are friendlies around, are you sure you want to hurt them?
Okay, then.
Casting: Tornado
Confirm with . or Enter, or press ? or * to list all spells.
There are friendlies around, are you sure you want to hurt them?
A great vortex of raging winds appears around you.
The Brimstone Fiend calls on the powers of darkness!
Your body is wracked with pain!
* * * LOW HITPOINT WARNING * * *
You whack the Brimstone Fiend! You grab the Brimstone Fiend.
The Brimstone Fiend is severely wounded.
You lose your grip on the Brimstone Fiend.
You hit the Brimstone Fiend. Your grab misses the Brimstone Fiend.
The Brimstone Fiend is almost dead.
You kill the Brimstone Fiend!
You feel your power returning.
You hear a screech!
The winds around you start to calm down.
There is a stone staircase leading up, spattered with blood here.
You start resting.
You are engulfed in raging winds.
You start resting.
The winds around you calm down.
A sixfirhy comes into view.
Unknown command.
You hear a grinding noise.
You fly upwards.
There is a stone staircase leading down here.
You reach down and open the door.
There is an open door here.
Magic restored.
There is an escape hatch in the ceiling here.
A mysterious force pulls you upwards. The hatch slams shut behind you.
There is a stone staircase leading up here.
You fly upwards.
There is a stone staircase leading down here.
An orange demon comes into view.
You whack the orange demon! You grab the orange demon.
The orange demon is moderately wounded.
You constrict the orange demon. You whack the orange demon!
The orange demon is heavily wounded.
You constrict the orange demon. You thrash the orange demon!!
The orange demon is almost dead.
You constrict the orange demon.
You kill the orange demon!
(D) Dungeon (T) Temple (L) Lair (A) Shoals (N) Spider Nest (M) Slime Pits (O) Orcish Mines (E) Elven Halls (V) Vaults (C) Crypt (U) Depths (H) Hell (Z) Zot
Where to? (Enter - D:1 @ (x,y), ? - help)
There is an open door here.
There is a staircase leading out of the dungeon here.
You have escaped!

...# #.#.......#.......##.# #
...####.#.......#.......##.######
...............###...............
#.#............# #.............##
..............## ##............##
#..##########+#####'##########.##
#....### #.....## ###...##
#......### ##.....## ###.....##
#........####...@...####.......##
#..........##.......##.........##
#..........###.....###.....#...##
#.###......# ###+### #.....#(####
#.###.....## ##.# ##..........
..........# ##...### #......###.
#.##.....####.......####.....# #.
#.....##...........##.....###. #
#....#...............#...>....


There were no monsters in sight!

Vanquished Creatures
  An ancient lich (Zot:5)
  7 orbs of fire (Zot:5)
  2 juggernauts (Depths:2)
  3 pandemonium lords
  Frederick (Vaults:4)
  3 Killer Klowns
  Margery (Depths:4)
  A curse toe (Zot:5)
  6 golden dragons
  Arachne (Spider:2)
  2 Brimstone Fiends
  6 liches
  An electric golem (Zot:5)
  16 tentacled monstrosities
  22 Orb Guardians
  Rupert (Orc:4)
  An Ice Fiend (Zot:4)
  Asterion (Spider:3)
  2 deep elf blademasters (Elf:3)
  6 titans (Vaults:5)
  2 deep elf master archers (Elf:3)
  A kraken (Shoals:4)
  Polyphemus (Shoals:2)
  A quicksilver dragon (Vaults:5)
  Agnes (D:14)
  Frances (Shoals:1)
  8 shadow dragons
  Kirke (D:15)
  7 tengu reavers
  7 sphinxes
  7 storm dragons
  3 draconian monks
  9 ghost moths
  Ilsuiw (Shoals:4)
  11 fire giants
  2 draconian knights
  2 iron dragons
  17 vault wardens
  2 draconian scorchers (Zot:2)
  11 frost giants
  9 deep elf sorcerers
  A curse skull (Depths:4)
  9 emperor scorpions (Spider:4)
  6 draconian zealots
  6 draconian shifters
  A cacodemon (Depths:1)
  2 war gargoyles (Vaults:5)
  A stone giant (shapeshifter) (Vaults:5)
  2 spriggan defenders (Depths:5)
  A draconian annihilator (Zot:3)
  A reaper (D:6)
  16 ironheart preservers
  2 large abominations
  18 stone giants
  8 deep elf demonologists
  8 black draconians
  A salamander stormcaller (Vaults:3)
  24 very ugly things
  A draconian caller (Zot:3)
  A corrupter (Depths:1)
  9 purple draconians
  9 white draconians
  35 spark wasps
  8 green draconians
  12 deep elf annihilators
  5 yellow draconians
  5 red draconians
  3 mottled draconians
  2 green deaths
  6 merfolk javelineers
  27 vault guards
  5 deep elf death magi
  16 yaktaur captains
  7 merfolk impalers
  Erolcha (Orc:4)
  10 ettins
  6 great orbs of eyes
  26 fire dragons
  A blizzard demon (Depths:1)
  The ghost of Alethiolet the Archer, a journeyman DrWn of Nemelex Xobeh (Orc:4)
  5 deep elf high priests
  6 rakshasas
  3 small abominations (Vaults:5)
  5 entropy weavers
  A hydra (D:14)
  16 ice dragons
  3 spriggan air magi
  15 ogre magi
  An anaconda (shapeshifter) (Vaults:4)
  4 merfolk avatars
  A catoblepas (Shoals:2)
  2 dancing weapons (Elf:2)
  2 alligator snapping turtles
  3 merfolk aquamancers
  11 centaur warriors
  6 death yaks
  A vampire mage (Depths:4)
  2 tengu warriors
  2 orc high priests
  10 deep troll earth magi
  7 spriggan berserkers (Depths:2)
  15 deep elf knights
  Urug (Orc:3)
  11 deep troll shamans
  3 spriggans
  Nergalle (Orc:4)
  A fire crab (shapeshifter) (Vaults:1)
  3 sun demons
  8 soul eaters
  A shock serpent (shapeshifter) (Depths:1)
  11 skeletal warriors
  4 hell knights (Depths:4)
  3 iron trolls
  An unseen horror (D:13)
  15 sea snakes
  24 deep trolls
  2 flayed ghosts (Depths:4)
  12 ironbrand convokers
  21 hill giants
  3 wizards
  3 giant orange brains
  2 infernal demonspawn (Depths:1)
  4 necromancers
  16 deep elf summoners
  A hornet (shapeshifter) (D:13)
  2 phantasmal warriors
  A golden dragon skeleton (Depths:2)
  23 deep elf conjurers
  12 harpies
  36 ugly things
  A frost giant zombie (Depths:1)
  13 griffons
  12 orc sorcerers
  25 wolf spiders
  17 orb spiders
  A stone giant zombie (Depths:2)
  A wolf spider (shapeshifter) (Vaults:5)
  12 cyclopes
  7 orc knights
  2 hornets (Vaults:5)
  A black mamba (shapeshifter) (Vaults:3)
  21 moths of wrath
  A frost giant skeleton (Vaults:3)
  3 centaur zombies
  2 salamanders (shapeshifter)
  2 fauns
  7 sirens
  2 sixfirhies
  2 sphinx skeletons (Depths:2)
  A moth of wrath (shapeshifter) (Vaults:5)
  A manticore (shapeshifter) (D:15)
  5 water nymphs
  5 elephants (Lair:6)
  14 vault sentinels
  2 rust devils (Depths:3)
  6 manticores
  2 ice statues (IceCv)
  3 smoke demons
  A molten gargoyle (Volcano)
  4 black mambas
  Psyche (D:12)
  4 torpor snails
  2 gargoyles (D:14)
  7 spiny frogs
  8 demonic crawlers
  2 orange demons
  An efreet (D:14)
  A hellion (Depths:5)
  13 deep elf priests
  3 komodo dragons
  50 yaktaurs
  3 hellwings
  A yaktaur (shapeshifter) (Elf:3)
  A red devil (Depths:5)
  3 komodo dragons (shapeshifter)
  A fire drake (Lair:8)
  A spriggan skeleton (Depths:1)
  3 freezing wraiths
  30 merfolk
  A silent spectre (Depths:4)
  7 kobold demonologists
  A jumping spider (shapeshifter) (Vaults:5)
  19 jumping spiders
  3 tengu conjurers
  4 trolls
  32 two-headed ogres
  A slime creature (shapeshifter) (Depths:4)
  2 wind drakes
  A raiju (shapeshifter) (Vaults:3)
  2 blink frogs (shapeshifter)
  5 snapping turtles
  13 blink frogs
  9 boulder beetles
  A trapdoor spider zombie (D:13)
  25 trapdoor spiders
  A fire giant simulacrum (Vaults:1)
  3 air elementals (Depths:5)
  A shadow (D:15)
  34 slime creatures
  37 tarantellas
  2 ynoxinuls
  59 redbacks
  A stone giant simulacrum (Vaults:2)
  27 deep elf fighters
  2 wyverns
  A wraith (D:13)
  A yak (shapeshifter) (Depths:1)
  A basilisk (Lair:5)
  2 spriggans (shapeshifter)
  2 fire elementals (Orc:3)
  2 fire bats (Orc:3)
  Eustachio (D:4)
  7 hogs (D:15)
  12 water elementals
  32 deep elf magi
  7 wargs
  29 yaks
  A basilisk (shapeshifter) (Vaults:4)
  3 mottled dragons
  2 neqoxecs
  14 vampire mosquitoes
  3 hippogriffs
  8 wolves
  11 water moccasins
  A hornet simulacrum (Vaults:1)
  Duvessa (D:4)
  16 ice beasts
  A water moccasin (shapeshifter) (Depths:2)
  A human skeleton (Depths:1)
  A black bear (shapeshifter) (Depths:2)
  A spriggan simulacrum (Depths:2)
  A black bear (D:13)
  9 wasps
  13 boggarts
  57 ogres
  3 sky beasts
  35 orc warriors
  10 porcupines
  A boggart (shapeshifter) (Vaults:4)
  A necrophage (D:13)
  10 crocodiles
  3 big kobolds
  20 centaurs
  20 giant frogs
  A wyvern zombie (D:11)
  2 wyvern skeletons (D:13)
  A scorpion (D:13)
  3 wights (D:14)
  5 electric eels
  2 hounds (D:11)
  A wasp zombie (D:11)
  2 crimson imps
  24 orc priests
  6 centaur skeletons
  2 iron imps (Depths:5)
  2 giant frog skeletons
  48 orc wizards
  4 iguanas
  3 quasits
  7 hell rats
  6 worker ants
  31 sheep
  A hound zombie (D:8)
  A mummy (D:7)
  3 worker ant zombies
  2 gnolls
  8 adders
  45 river rats
  6 shadow imps
  9 white imps (Lair:4)
  An ufetubus (Depths:5)
  2 worms
  A giant gecko (D:2)
  233 orcs
  10 bats
  4 hobgoblins
  5 jackals
  8 quokkas
  A ball python (D:2)
  3 giant cockroaches
  A giant gecko skeleton (D:5)
  3 giant newts
  9 goblins
  34 kobolds
  2 quokka skeletons
  10 rats
  6 crawling corpses
  8 fire vortices (Zot:4)
  A plant (Shoals:3)
  A tentacle (Shoals:4)
2353 creatures vanquished.

Vanquished Creatures (collateral kills)
  Donald (Orc:4)
  Snorg (Orc:3)
  Harold (D:11)
  6 hydras
  2 death yaks
  The ghost of Uberwunderbarhen the Nimble, a journeyman OpFi of Makhleb (Orc:3)
  Sonja (Orc:2)
  The ghost of Barrydekale the Thaumaturge, a novice DEWz of Vehumet (D:8)
  2 orc knights
  3 hill giants
  2 griffons
  2 cyclopes (D:11)
  2 manticores
  An elephant (Lair:6)
  A centaur zombie (D:11)
  2 black mambas
  3 spiny frogs
  A molten gargoyle (Volcano)
  A jumping spider (Lair:3)
  2 trolls
  3 komodo dragons
  A polar bear (Lair:5)
  2 fire drakes
  A slime creature (D:12)
  2 trapdoor spiders
  8 blink frogs
  3 redbacks
  18 yaks
  2 hippogriffs
  A steam dragon (D:10)
  3 water moccasins
  8 wolves
  A sky beast (D:11)
  2 orc warriors
  4 necrophages
  7 porcupines
  5 crocodiles
  5 ice beasts
  An ogre (Orc:2)
  3 big kobolds
  3 giant frogs
  Dowan (D:4)
  3 scorpions
  A wyvern skeleton (D:4)
  5 wights
  A crimson imp (D:8)
  A giant frog zombie (D:7)
  6 orc wizards
  A centaur skeleton (D:3)
  2 hounds
  2 giant frog skeletons
  5 orc priests
  3 worker ants
  2 iguanas
  A killer bee zombie (D:7)
  13 sheep
  2 hell rats (Lair:3)
  10 gnolls
  9 river rats
  4 adders
  A shadow imp (D:9)
  3 white imps (Lair:4)
  2 adder zombies
  A giant gecko (D:8)
  22 orcs
  3 hobgoblins
  7 jackals
  2 bats
  A giant cockroach zombie (D:6)
  2 goblins (D:1)
  12 kobolds
  A quokka (D:8)
  A fungus (Lair:8)
249 creatures vanquished.

Vanquished Creatures (others)
  A tentacled monstrosity (Zot:5)
  2 Orb Guardians (Zot:5)
  An eldritch tentacle (Vaults:3)
  A shadow dragon (Zot:5)
  A draconian zealot (Zot:2)
  A reaper (D:6)
  A yaktaur captain (Vaults:3)
  A deep elf conjurer (Elf:1)
  A phantasmal warrior (Vaults:3)
  A deep elf priest (Elf:1)
  2 deep elf fighters (Elf:1)
  An ogre (Vaults:4)
  A crimson imp (Depths:5)
  An orc (Orc:4)
  159 eldritch tentacle segments (Vaults:3)
  12 fungi
  5 plants
  7 tentacles (Shoals:4)
  43 tentacle segments (Shoals:4)
242 creatures vanquished.

Grand Total: 2844 creatures vanquished

Notes
Turn   | Place    | Note
--------------------------------------------------------------
     0 | D:1      | bart the Naga Summoner began the quest for the Orb.
     0 | D:1      | Reached XP level 1. HP: 15/15 MP: 3/3
   207 | D:1      | Reached XP level 2. HP: 19/22 MP: 5/5
   655 | D:1      | Reached XP level 3. HP: 26/28 MP: 6/6
   835 | D:2      | Reached skill level 4 in Stealth
  1013 | D:2      | Reached XP level 4. HP: 36/36 MP: 5/7
  1067 | D:2      | Learned a level 3 spell: Call Canine Familiar
  1082 | D:2      | Reached skill level 5 in Summonings
  1211 | D:2      | Found a sacrificial altar of Ru.
  1213 | D:2      | Found a snail-covered altar of Cheibriados.
  1236 | D:2      | Found a bloodstained altar of Trog.
  1236 | D:2      | Found an iron altar of Okawaru.
  1238 | D:2      | Found a deep blue altar of Sif Muna.
  1463 | D:3      | Reached skill level 5 in Stealth
  1598 | D:3      | HP: 8/36 [gnoll/whip (3)]
  1599 | D:3      | Reached XP level 5. HP: 8/42 MP: 4/8
  1760 | D:3      | Found a faded altar to an unknown god.
  1779 | D:3      | Became a worshipper of Vehumet
  1779 | D:3      | Reached * piety under Vehumet
  1779 | D:3      | Offered knowledge of Sandblast by Vehumet.
  1786 | D:3      | Learned a level 4 spell: Summon Ice Beast
  2154 | D:3      | Reached skill level 1 in Ice Magic
  2162 | D:4      | Noticed Duvessa
  2239 | D:4      | Noticed Eustachio
  2348 | D:4      | Reached XP level 6. HP: 39/49 MP: 9/9
  2378 | D:4      | Noticed Dowan
  2417 | D:3      | Reached skill level 6 in Summonings
  2567 | D:4      | Noticed endege's ghost (amateur DDCK)
  2647 | D:4      | Killed Duvessa
  2647 | D:4      | Reached ** piety under Vehumet
  2647 | D:4      | Offered knowledge of Flame Tongue by Vehumet.
  2647 | D:4      | Reached skill level 2 in Ice Magic
  2729 | D:4      | Killed Dowan
  2729 | D:4      | Reached skill level 3 in Spellcasting
  2993 | D:4      | Killed Eustachio
  2993 | D:4      | Reached skill level 3 in Ice Magic
  2993 | D:4      | Reached XP level 7. HP: 53/55 MP: 6/12
  3145 | D:4      | Found a glowing golden altar of the Shining One.
  3321 | D:5      | Entered Level 5 of the Dungeon
  3321 | D:5      | Noticed a yak
  3321 | D:5      | Noticed a yak
  3539 | D:5      | Found a shimmering altar of Xom.
  3675 | D:5      | Killed a yak
  3721 | D:5      | Noticed a yak
  3750 | D:5      | Killed a yak
  3750 | D:5      | Reached skill level 4 in Spellcasting
  3750 | D:5      | Reached skill level 4 in Ice Magic
  3761 | D:5      | Killed a yak
  3761 | D:5      | Reached skill level 7 in Summonings
  3761 | D:5      | Reached XP level 8. HP: 62/62 MP: 5/14
  3888 | D:5      | Found a staircase to the Ecumenical Temple.
  4050 | D:5      | Found a bloodstained altar of Trog.
  4273 | D:6      | Reached skill level 5 in Ice Magic
  4314 | D:6      | Found a sacrificial altar of Ru.
  4378 | D:6      | Reached skill level 5 in Spellcasting
  4416 | D:6      | Found a shimmering altar of Xom.
  4505 | D:6      | Offered knowledge of Throw Frost by Vehumet.
  4570 | D:6      | Learned a level 2 spell: Throw Frost
  4896 | D:6      | Found a blossoming altar of Fedhas.
  5000 | D:7      | Reached skill level 1 in Conjurations
  5020 | D:7      | Reached *** piety under Vehumet
  5138 | D:7      | Reached skill level 6 in Ice Magic
  5232 | D:7      | Reached skill level 2 in Conjurations
  5232 | D:7      | Reached XP level 9. HP: 60/68 MP: 17/17
  5314 | D:7      | Offered knowledge of Dazzling Spray by Vehumet.
  5347 | D:7      | Reached skill level 6 in Spellcasting
  5600 | D:7      | Reached **** piety under Vehumet
  5636 | D:7      | Noticed a hill giant
  5646 | D:7      | Reached skill level 3 in Conjurations
  5661 | D:7      | Killed a hill giant
  5734 | D:7      | Found Zin's Purification Station.
  5744 | D:7      | Found a glowing silver altar of Zin.
  5831 | D:7      | Reached skill level 7 in Ice Magic
  5854 | D:7      | Gained mutation: Your body sometimes deteriorates upon taking damage. [mutagenic meat]
  5855 | D:7      | Gained mutation: You possess an exceptional clarity of mind. [mutagenic meat]
  5856 | D:7      | Gained mutation: You are somewhat resistant to further mutation. [mutagenic meat]
  5954 | D:8      | Noticed Barrydekale's ghost (novice DEWz)
  5963 | D:8      | Killed Barrydekale's ghost
  5963 | D:8      | Reached skill level 7 in Spellcasting
  5963 | D:8      | Reached skill level 4 in Conjurations
  5965 | D:8      | Offered knowledge of Venom Bolt by Vehumet.
  6036 | D:8      | Found a shadowy altar of Dithmenos.
  6458 | D:8      | Gained mutation: You expend magic power (3 MP) to strengthen your wands. [potion of mutation]
  6703 | D:9      | Found Ovuzuivy's Gadget Shoppe.
  6707 | D:9      | Bought a wand of fire (8) for 240 gold pieces
  6740 | D:9      | Reached skill level 1 in Shields
  6775 | D:9      | Reached XP level 10. HP: 47/75 MP: 20/20
  6805 | D:9      | Found an opulent altar of Gozag.
  7155 | D:10     | Entered Level 10 of the Dungeon
  7255 | D:10     | Reached skill level 5 in Conjurations
  7384 | D:10     | Noticed a manticore
  7395 | D:10     | Reached skill level 8 in Ice Magic
  7395 | D:10     | Killed a manticore
  7395 | D:10     | Reached skill level 2 in Shields
  7768 | D:10     | Reached ***** piety under Vehumet
  7899 | D:10     | Offered knowledge of Poisonous Cloud by Vehumet.
  7912 | D:10     | Learned a level 6 spell: Poisonous Cloud
  7999 | D:11     | Found Erimu's Antique Armour Boutique.
  8028 | D:11     | Bought a glowing shield for 121 gold pieces
  8082 | D:11     | Noticed a hill giant
  8102 | D:11     | Killed a hill giant
  8102 | D:11     | Reached skill level 1 in Poison Magic
  8364 | D:11     | Found Lustrudun's Magic Scroll Shoppe.
  8468 | D:11     | Reached skill level 1 in Air Magic
  8477 | D:11     | Reached skill level 3 in Shields
  8477 | D:11     | Reached skill level 2 in Poison Magic
  8515 | D:11     | Noticed a hill giant
  8526 | D:11     | Killed a hill giant
  8526 | D:11     | Reached skill level 6 in Conjurations
  8633 | D:11     | Found Icyopp's General Store.
  8693 | D:11     | Noticed Harold
  8739 | D:11     | Killed Harold
  8739 | D:11     | Reached skill level 2 in Air Magic
  8739 | D:11     | Reached skill level 3 in Poison Magic
  8827 | D:11     | Noticed a cyclops
  8849 | D:11     | Killed a cyclops
  8925 | D:11     | Found a staircase to the Lair.
  9166 | Lair:1   | Entered Level 1 of the Lair of Beasts
  9208 | Lair:1   | Reached skill level 3 in Air Magic
  9317 | Lair:1   | Reached skill level 4 in Poison Magic
  9317 | Lair:1   | Reached XP level 11. HP: 77/81 MP: 19/22
  9867 | Lair:1   | Reached skill level 6 in Stealth
  9867 | Lair:1   | Reached skill level 4 in Shields
  9985 | Lair:1   | Reached skill level 5 in Poison Magic
  9996 | Lair:1   | Reached skill level 7 in Conjurations
 10366 | Lair:1   | Learned a level 4 spell: Summon Lightning Spire
 10639 | Lair:2   | Reached skill level 4 in Air Magic
 11074 | Lair:2   | Got an iridescent whip
 11076 | Lair:2   | Identified the +11 whip of Nejam {slash, -Tele rPois rC+ Str+2} (You found it on level 2 of the Lair of Beasts)
 11141 | Lair:3   | Noticed a seven-headed hydra
 11148 | Lair:3   | Killed a seven-headed hydra
 11239 | Lair:3   | Noticed a five-headed hydra
 11308 | Lair:3   | Killed a five-headed hydra
 11308 | Lair:3   | Reached skill level 6 in Poison Magic
 11493 | Lair:3   | Identified a scroll of acquirement
 11573 | Lair:3   | Reached skill level 5 in Air Magic
 11675 | Lair:3   | Offered knowledge of Lee's Rapid Deconstruction by Vehumet.
 11807 | Lair:3   | Reached skill level 5 in Shields
 11962 | Lair:3   | Reached skill level 8 in Conjurations
 11989 | Lair:3   | Reached skill level 7 in Poison Magic
 12125 | Lair:3   | Found a hole to the Spider Nest.
 12289 | Lair:3   | Reached XP level 12. HP: 59/88 MP: 3/23
 12530 | Lair:3   | Found a staircase to the Shoals.
 12582 | Lair:3   | Reached skill level 6 in Air Magic
 13004 | Lair:3   | Reached skill level 8 in Poison Magic
 13255 | Lair:4   | Found a frozen archway.
 13301 | IceCv    | Entered an ice cave
 13358 | IceCv    | Reached skill level 6 in Shields
 13506 | IceCv    | Reached skill level 9 in Conjurations
 13626 | IceCv    | Noticed an ice dragon
 13626 | IceCv    | Noticed an ice dragon
 13795 | IceCv    | Killed an ice dragon
 13799 | IceCv    | Killed an ice dragon
 13799 | IceCv    | Reached skill level 7 in Air Magic
 13875 | IceCv    | Got an ancient lead ring
 13880 | IceCv    | Identified the ring of Fuofatem {rN++ Str-2 Slay+2} (You found it in an ice cave)
 14459 | Lair:5   | Offered knowledge of Ozocubu's Refrigeration by Vehumet.
 14469 | Lair:5   | Learned a level 6 spell: Ozocubu's Refrigeration
 14490 | Lair:5   | Reached skill level 9 in Poison Magic
 15238 | Lair:5   | HP: 17/88 [blink frog (18)]
 15778 | D:11     | Bought a scroll of teleportation for 48 gold pieces
 15778 | D:11     | Bought 2 scrolls of enchant weapon for 240 gold pieces
 15817 | D:11     | Bought a scroll of brand weapon for 280 gold pieces
 16018 | Lair:6   | Noticed a six-headed hydra
 16023 | Lair:6   | Killed a six-headed hydra
 16023 | Lair:6   | Gained mutation: You can use your snake-like lower body to constrict enemies. [Naga growth]
 16023 | Lair:6   | Reached XP level 13. HP: 94/94 MP: 8/24
 16396 | Lair:6   | Reached skill level 7 in Shields
 16396 | Lair:6   | Reached skill level 10 in Poison Magic
 16439 | Lair:6   | Reached skill level 10 in Conjurations
 16463 | Lair:6   | Reached skill level 8 in Air Magic
 16625 | Lair:6   | You are sucked into a shaft for 2 floors!
 16625 | Lair:8   | Entered Level 8 of the Lair of Beasts
 16626 | Lair:8   | whoa
 17054 | Lair:7   | Found a viscous altar of Jiyva.
 17054 | Lair:7   | Found a staircase to the Slime Pits.
 17909 | Lair:7   | Reached skill level 11 in Poison Magic
 17915 | Lair:7   | Reached skill level 9 in Air Magic
 18014 | Lair:7   | Reached skill level 8 in Spellcasting
 18085 | Lair:7   | Reached ****** piety under Vehumet
 18091 | Lair:7   | Reached skill level 8 in Shields
 18639 | Lair:8   | Offered knowledge of Bolt of Draining by Vehumet.
 19000 | D:12     | Reached XP level 14. HP: 102/102 MP: 22/26
 19095 | D:12     | Noticed Psyche
 19102 | D:12     | Killed Psyche
 19269 | D:11     | Reached skill level 10 in Air Magic
 19326 | D:12     | Reached skill level 9 in Spellcasting
 19344 | D:12     | Found a roughly hewn altar of Beogh.
 19352 | D:12     | Found a staircase to the Orcish Mines.
 19816 | Orc:1    | Entered Level 1 of the Orcish Mines
 19991 | Orc:1    | Reached skill level 9 in Shields
 20259 | Orc:2    | Offered knowledge of Bolt of Cold by Vehumet.
 20290 | Orc:2    | Noticed Sonja
 20305 | Orc:2    | Killed Sonja
 20305 | Orc:2    | Reached skill level 1 in Fighting
 20670 | Orc:3    | Found a staircase to the Elven Halls.
 20673 | Orc:3    | Reached skill level 1 in Armour
 20720 | Orc:3    | Noticed Uberwunderbarhen's ghost (journeyman OpFi)
 20755 | Orc:3    | Killed Uberwunderbarhen's ghost
 20755 | Orc:3    | Reached skill level 2 in Fighting
 20826 | Orc:3    | Learned a level 6 spell: Bolt of Cold
 20838 | Orc:3    | Found a dark tunnel.
 20891 | Volcano  | Entered a volcano
 21018 | Volcano  | oh, flying
 21074 | Volcano  | Found a radiant altar of Vehumet.
 21081 | Volcano  | Reached skill level 2 in Armour
 21335 | Orc:3    | Found Jinim's Quality Used Wands.
 21345 | Orc:3    | Noticed Snorg
 21391 | Orc:3    | Noticed Urug
 21399 | Orc:3    | Killed Urug
 21399 | Orc:3    | Reached skill level 3 in Fighting
 21418 | Orc:3    | Killed Snorg
 21609 | Orc:3    | Offered knowledge of Freezing Cloud by Vehumet.
 21609 | Orc:3    | Reached skill level 3 in Armour
 21626 | Orc:3    | Learned a level 6 spell: Freezing Cloud
 21777 | Orc:3    | Reached skill level 4 in Fighting
 21869 | Orc:3    | Reached skill level 4 in Armour
 21880 | Orc:3    | Reached skill level 5 in Fighting
 21937 | Orc:3    | Noticed a fire giant
 21951 | Orc:3    | Killed a fire giant
 22052 | Orc:3    | Reached skill level 6 in Fighting
 22089 | Orc:3    | Reached skill level 1 in Maces & Flails
 22258 | Orc:4    | Entered Level 4 of the Orcish Mines
 22265 | Orc:4    | Reached skill level 5 in Armour
 22267 | Orc:4    | Reached skill level 2 in Maces & Flails
 22511 | Orc:4    | Found Zuaxiwn's Assorted Antiques.
 22559 | Orc:4    | Noticed Alethiolet's ghost (journeyman DrWn)
 22614 | Orc:4    | Killed Alethiolet's ghost
 22756 | Orc:4    | Noticed Donald
 22768 | Orc:4    | Killed Donald
 22768 | Orc:4    | Reached skill level 3 in Maces & Flails
 22768 | Orc:4    | Reached XP level 15. HP: 102/127 MP: 3/28
 22907 | Orc:4    | Found Pebaahu's Armour Shop.
 23022 | Orc:4    | Reached skill level 4 in Maces & Flails
 23035 | Orc:4    | Offered knowledge of Poison Arrow by Vehumet.
 23044 | Orc:4    | Learned a level 6 spell: Poison Arrow
 23095 | Orc:4    | Noticed Rupert
 23122 | Orc:4    | Killed Rupert
 23124 | Orc:4    | easiest rupert ever
 23297 | Orc:4    | Reached skill level 5 in Maces & Flails
 23318 | Orc:4    | Found Naveraag's Book Emporium.
 23341 | Orc:4    | Reached skill level 7 in Fighting
 23372 | Orc:4    | Noticed Erolcha
 23378 | Orc:4    | Killed Erolcha
 23390 | Orc:4    | Found a radiant altar of Vehumet.
 23413 | Orc:4    | Found an ancient bone altar of Kikubaaqudgha.
 23413 | Orc:4    | Noticed Nergalle
 23435 | Orc:4    | Killed Nergalle
 23495 | Orc:4    | Found Amasee's Magic Scroll Shoppe.
 23503 | Orc:4    | Bought a scroll of fear for 59 gold pieces
 23503 | Orc:4    | Bought a scroll of enchant weapon for 127 gold pieces
 23536 | Orc:4    | Found a roughly hewn altar of Beogh.
 23536 | Orc:4    | Found Hyexisen's Antique Armour Emporium.
 23551 | Orc:4    | Reached skill level 6 in Armour
 23575 | Orc:4    | Found Daibakle's Gadget Emporium.
 23581 | Orc:4    | Bought a distressingly furry cloak for 266 gold pieces
 23591 | Orc:4    | Identified the +2 cloak of Truth {rElec MR+ Regen+ Dex+2} (You bought it in a shop on level 4 of the Orcish Mines)
 23593 | Orc:4    | win cloak
 23600 | Orc:4    | Bought a phial of floods for 560 gold pieces
 23600 | Orc:4    | Bought a wand of digging (18) for 616 gold pieces
 24003 | D:12     | Reached skill level 6 in Maces & Flails
 24503 | D:13     | AAAAA: sick whip bro
 24537 | D:13     | bart: can't complain.
 24537 | D:13     | bart: raised it from +0 plain whip!
 24564 | D:13     | AAAAA: they always grow up so fast
 24568 | D:13     | Reached skill level 7 in Maces & Flails
 24624 | D:13     | bart: oh, I wish they did.
 24683 | D:13     | AAAAA: i called my whip today
 24683 | D:13     | AAAAA: he told me he was busy with work
 24686 | D:13     | bart: you should've whipped him.
 24698 | D:13     | AAAAA: i tell you
 24749 | D:13     | AAAAA: he just said nice chatting with you dad
 24762 | D:14     | AAAAA: so snappy
 24762 | D:14     | bart: that isn't a properly risen whip.
 24812 | D:14     | Noticed Agnes
 24827 | D:14     | Killed Agnes
 24835 | D:14     | Reached skill level 8 in Fighting
 24857 | D:14     | bart: you should enchant him more.
 25008 | D:14     | Found a shattered altar of Ashenzari.
 25036 | D:14     | AAAAA: i tried branding him once but he said i wasn't cool enough
 25345 | D:14     | Reached skill level 8 in Maces & Flails
 25399 | D:14     | Found a gate to the Vaults.
 25407 | D:14     | Got a crude scale mail
 25411 | D:14     | Identified the +1 scale mail of Muemuty {+Blink rElec rC+ Str+2} (You found it on level 14 of the Dungeon)
 25464 | D:15     | Entered Level 15 of the Dungeon
 25484 | D:15     | Noticed Kirke
 25502 | D:15     | Killed Kirke
 25502 | D:15     | Reached skill level 7 in Armour
 25502 | D:15     | Reached XP level 16. HP: 134/141 MP: 26/29
 25701 | D:15     | Found a glowing golden altar of the Shining One.
 25856 | D:15     | Reached skill level 9 in Maces & Flails
 26175 | D:15     | Reached skill level 9 in Fighting
 26249 | D:15     | bart: I'm wondering whether I shall buy the gloves
 26249 | D:15     | bart: +0
 26249 | D:15     | bart: but this strength would let me wear something more protective.
 26279 | D:15     | Offered knowledge of Fire Storm by Vehumet.
 26279 | D:15     | Offered knowledge of Glaciate by Vehumet.
 26279 | D:15     | Offered knowledge of Chain Lightning by Vehumet.
 26301 | D:15     | Found a staircase to the Depths.
 26501 | Spider:1 | Entered Level 1 of the Spider Nest
 26695 | Spider:1 | Learned a level 1 spell: Apportation
 26698 | Spider:1 | Learned a level 2 spell: Blink
 26703 | Spider:1 | Learned a level 4 spell: Passage of Golubria
 26718 | Spider:1 | Reached skill level 10 in Maces & Flails
 27044 | Spider:1 | Reached skill level 8 in Armour
 27347 | Spider:2 | Identified a +0 rod of ignition (13/13) (You found it on level 2 of the Spider Nest)
 27366 | Spider:2 | Noticed Arachne
 27387 | Spider:2 | Killed Arachne
 27437 | Spider:2 | Got a distressingly furry chain mail
 27581 | Spider:2 | Reached skill level 11 in Maces & Flails
 27613 | Spider:2 | Reached skill level 10 in Fighting
 28090 | Spider:3 | Noticed Asterion
 28116 | Spider:3 | Killed Asterion
 28245 | Spider:3 | Reached XP level 17. HP: 128/153 MP: 30/30
 28909 | Spider:4 | Entered Level 4 of the Spider Nest
 28936 | Spider:4 | Reached skill level 12 in Maces & Flails
 28936 | Spider:4 | Reached skill level 9 in Armour
 29529 | Spider:4 | Reached skill level 11 in Fighting
 29677 | Spider:4 | Reached skill level 13 in Maces & Flails
 30131 | Spider:4 | Got a gossamer rune of Zot
 30358 | Shoals:1 | Entered Level 1 of the Shoals
 30382 | Shoals:1 | Noticed Frances
 30390 | Shoals:1 | Killed Frances
 30662 | Shoals:1 | Reached XP level 18. HP: 155/166 MP: 31/31
 30733 | Shoals:1 | Reached skill level 10 in Shields
 30962 | Shoals:2 | Reached skill level 14 in Maces & Flails
 31182 | Shoals:2 | Found Saloqie's Distillery.
 31190 | Shoals:2 | Bought a potion of haste for 180 gold pieces
 31190 | Shoals:2 | Bought a potion of cancellation for 144 gold pieces
 31190 | Shoals:2 | Bought a potion of cancellation for 144 gold pieces
 31348 | Shoals:2 | Noticed Polyphemus
 31437 | Shoals:2 | Killed Polyphemus
 31437 | Shoals:2 | Reached skill level 12 in Fighting
 32140 | Shoals:4 | Entered Level 4 of the Shoals
 32383 | Shoals:4 | Reached skill level 15 in Maces & Flails
 32535 | Shoals:4 | Noticed Ilsuiw
 32622 | Shoals:4 | Killed Ilsuiw
 32875 | Shoals:4 | Reached skill level 10 in Spellcasting
 32890 | Shoals:4 | Got a barnacled rune of Zot
 32937 | Shoals:4 | Reached skill level 11 in Shields
 33498 | Vaults:1 | Entered Level 1 of the Vaults
 33591 | Vaults:1 | Reached XP level 19. HP: 139/176 MP: 27/33
 33866 | Vaults:1 | Reached skill level 11 in Air Magic
 34644 | Vaults:1 | Reached skill level 11 in Spellcasting
 34911 | Vaults:2 | Reached skill level 12 in Air Magic
 35201 | Vaults:2 | Reached skill level 12 in Shields
 35375 | Vaults:2 | Learned a level 6 spell: Deflect Missiles
 35442 | Vaults:2 | Reached skill level 1 in Charms
 35621 | Vaults:2 | Reached skill level 2 in Charms
 35820 | Vaults:2 | Reached XP level 20. HP: 184/184 MP: 35/35
 35960 | Vaults:3 | Found a flickering gateway to a bazaar.
 35972 | Bazaar   | Entered a bazaar
 35986 | Bazaar   | Found Noav's Weapon Shoppe.
 36001 | Bazaar   | Found Eddeoset's Jewellery Emporium.
 36017 | Bazaar   | Found Rusk's Book Shoppe.
 36017 | Bazaar   | Found Nosoagepp's Antique Weapon Emporium.
 36044 | Bazaar   | Bought a book of Enchantments for 500 gold pieces
 36252 | Vaults:3 | Reached skill level 3 in Charms
 36528 | Vaults:3 | Reached skill level 4 in Charms
 36841 | Vaults:3 | Reached skill level 12 in Spellcasting
 36861 | Vaults:3 | Reached skill level 13 in Air Magic
 37301 | Vaults:4 | Found Zoddy's Assorted Antiques.
 37315 | Vaults:4 | Reached skill level 5 in Charms
 37324 | Vaults:4 | Reached skill level 1 in Translocations
 37526 | Vaults:4 | Found a burning altar of Makhleb.
 37548 | Vaults:4 | Reached skill level 2 in Translocations
 37567 | Vaults:4 | Noticed Frederick
 37577 | Vaults:4 | Killed Frederick
 37690 | Vaults:4 | Reached skill level 13 in Shields
 37748 | Vaults:4 | bart: how's kitty?
 37748 | Vaults:4 | bart: looked nice.
 37755 | Vaults:4 | Reached skill level 3 in Translocations
 37757 | Vaults:4 | Reached skill level 6 in Charms
 37872 | Vaults:4 | Got a faintly glowing leather armour
 37873 | Vaults:4 | Identified the +2 leather armour "Oheti" {+Inv Int+2} (You found it on level 4 of the Vaults)
 38049 | Vaults:4 | Reached skill level 4 in Translocations
 38092 | Vaults:4 | Reached XP level 21. HP: 192/192 MP: 29/37
 38234 | Vaults:3 | emiel: yeah kitty's doing fine
 38269 | Vaults:1 | emiel: stat form + rn+++ in tomb
 38282 | Vaults:1 | emiel: with a little bit of silence in the mix
 38282 | Vaults:1 | Reached skill level 7 in Charms
 38297 | D:14     | emiel: are you going for all Na combos?
 38297 | D:14     | bart: yes
 38382 | Depths:1 | Entered Level 1 of the Depths
 38421 | Depths:1 | emiel: wow
 38421 | Depths:1 | emiel: jeez
 38421 | Depths:1 | emiel: 5 of em
 38422 | Depths:1 | bart: they're bad.
 38422 | Depths:1 | bart: bad = dangerous.
 38424 | Depths:1 | emiel: heh
 38427 | Depths:1 | emiel: have you met those new iron giants?
 38428 | Depths:1 | bart: yes, in Pan
 38428 | Depths:1 | bart: no, hell
 38428 | Depths:1 | bart: do they spawn in depths, too?
 38430 | Depths:1 | emiel: i hope not
 38431 | Depths:1 | emiel: i haven't encountered them yet
 38433 | Depths:1 | emiel: i believe some vaults contain them
 38433 | Depths:1 | emiel: iirc
 38433 | Depths:1 | emiel: but mostly dis
 38433 | Depths:1 | bart: quite tough, but not terribly dangerous
 38433 | Depths:1 | emiel: hmm okay
 38433 | Depths:1 | bart: unless my character was OP, which is also possible ;)
 38479 | Depths:1 | bart: but these wasps
 38479 | Depths:1 | bart: without relec
 38479 | Depths:1 | bart: immediate threat
 38493 | Depths:1 | Reached skill level 5 in Translocations
 38499 | Depths:1 | emiel: or slouch
 38506 | Depths:1 | emiel: heh
 38506 | Depths:1 | bart: sure
 38506 | Depths:1 | emiel: yeah they suck
 38506 | Depths:1 | bart: there are many ways to deal with them
 38506 | Depths:1 | bart: just don't let them attack.
 38533 | Depths:1 | emiel: little glass canons
 38536 | Depths:1 | Found a gateway to Hell.
 38635 | Depths:1 | bart: game without relec became even more unfair
 38635 | Depths:1 | bart: as if elec golems couldn't kill non-resistant player in two turns.
 38656 | Depths:1 | bart: but
 38656 | Depths:1 | bart: I get recently a lot of resistance potions - as if they were more common.
 38666 | Depths:1 | Found Meguamubb's Book Boutique.
 38685 | Depths:1 | bart: have you maybe noticed the same?
 38710 | Depths:1 | Reached skill level 14 in Air Magic
 38827 | Depths:1 | Found a sparkling altar of Nemelex Xobeh.
 38834 | Depths:1 | emiel: yeah absolutely
 38883 | Depths:1 | emiel: but I heard they're removing rcorr
 38884 | Depths:1 | emiel: so pepper your angus
 38899 | Depths:1 | emiel: in slime
 38899 | Depths:1 | emiel: and save em all up
 38899 | Depths:1 | bart: it was useful in slime anyway
 38899 | Depths:1 | emiel: yeah
 38899 | Depths:1 | bart: I mean, only in slime
 38899 | Depths:1 | emiel: true that
 38899 | Depths:1 | bart: and if pot is still going to give rcorr, it's enough for the bottom level to have one pot.
 39141 | Depths:1 | bart: I've heard devs talking about removal of haste spell. I think it's a good choice.
 39244 | Depths:2 | emiel: yeah wand + pots is enough
 39297 | Depths:2 | emiel: poor mummy though
 39297 | Depths:2 | emiel: but then again
 39298 | Depths:2 | emiel: mummy
 39332 | Depths:2 | bart: hey, removal of wand would be worse!
 39341 | Depths:2 | emiel: true
 39539 | Depths:2 | Reached skill level 8 in Charms
 39589 | Depths:2 | Found a gateway to a ziggurat.
 39598 | Depths:2 | bart: it's a blatant attack on my necromutating sif muna spellcasters... and zig raiders, I guess.
 39608 | Depths:2 | Reached skill level 6 in Translocations
 39666 | Depths:2 | emiel: oh well
 39677 | Depths:2 | emiel: can always play .17
 39711 | Depths:2 | Got a distressingly furry leather armour
 39712 | Depths:2 | Identified the +1 leather armour "Qusin" {rPois} (You found it on level 2 of the Depths)
 39742 | Depths:2 | Got a ripped robe
 39749 | Depths:2 | Identified the cursed +0 robe of Indecent Exposure {MR+} (You found it on level 2 of the Depths)
 39790 | Depths:2 | emiel: indecent exposure huh
 39790 | Depths:2 | emiel: does that robe have a
 39790 | Depths:2 | emiel: hole at the crotch?
 39790 | Depths:2 | bart: yes, it shows a bit more of my long tail.
 39795 | Depths:2 | emiel: lol
 39890 | Depths:2 | bart: so far I don't mind the plan of 0.18 except of removal of zig portals in pan.
 39890 | Depths:2 | bart: I liked finding them.
 39951 | Depths:2 | Noticed a juggernaut
 39959 | Depths:2 | emiel: yeah, doing a few levels really helped out
 39987 | Depths:2 | bart: so much draining
 39987 | Depths:2 | emiel: great for finding one of the greater wands and good consumbables
 39987 | Depths:2 | bart: he should die from turning to lvl 0.
 39987 | Depths:2 | emiel: lol yeah
 39995 | Depths:2 | Killed a juggernaut
 40042 | Depths:2 | Reached skill level 7 in Translocations
 40077 | Depths:2 | Reached skill level 14 in Shields
 40086 | Depths:2 | Reached skill level 9 in Charms
 40323 | Depths:2 | Noticed a juggernaut
 40327 | Depths:2 | emiel: there better be some good loot in there
 40327 | Depths:2 | emiel: at least the exp is nice
 40327 | Depths:2 | bart: this vault usually has some nice loot indeed
 40358 | Depths:2 | Reached XP level 22. HP: 137/200 MP: 38/38
 40370 | Depths:2 | Killed a juggernaut
 40479 | Depths:2 | Reached skill level 15 in Air Magic
 40489 | Depths:2 | bart: hmm
 40489 | Depths:2 | bart: you cannot turn off flying anymore?
 40605 | Depths:2 | Got a shimmering wooden ring
 40624 | Depths:2 | emiel: really?
 40625 | Depths:2 | bart: yeah
 40625 | Depths:2 | emiel: that's pretty bad
 40625 | Depths:2 | emiel: airstrike sucks
 40625 | Depths:2 | bart: it seems this barding is a trap
 40626 | Depths:2 | Identified the ring "Tuwuij" {rPois rN+ MR+ Slay+2 Stlth+} (You took it off a fire giant on level 2 of the Depths)
 40627 | Depths:2 | emiel: lol
 40628 | Depths:2 | bart: but loot didn't disappoint.
 40679 | Depths:2 | emiel: it looks like you're wearing a onesie now
 40679 | Depths:2 | emiel: robe into barding
 40679 | Depths:2 | emiel: lookin snazzy
 40679 | Depths:2 | bart: :D
 40679 | Depths:2 | bart: I'm not sure if I like this outfit.
 40679 | Depths:2 | bart: also rF++ was nice.
 40828 | Depths:2 | bart: well, until zot I can enjoy my +2 AC.
 40828 | Depths:2 | bart: there's also PDA in dungeon
 40828 | Depths:2 | bart: but hurts spellcasting a lot.
 40933 | Depths:2 | Reached skill level 10 in Charms
 41058 | Depths:2 | Learned a level 6 spell: Haste
 41173 | Depths:2 | emiel: hmm yeah
 41173 | Depths:2 | emiel: you going for 15 runes?
 41184 | Depths:2 | bart: I don't think so.
 41184 | Depths:2 | emiel: k
 41184 | Depths:2 | bart: this isn't built for 15 runes.
 41205 | Depths:2 | emiel: how will you deal with oofs?
 41205 | Depths:2 | bart: tornado
 41433 | Depths:3 | emiel: lol
 41433 | Depths:3 | emiel: nice
 41458 | Depths:3 | Found a one-way gate leading to the halls of Pandemonium.
 41471 | Depths:3 | bart: there's still plenty of exp
 41471 | Depths:3 | bart: and I have vehu's wizardry boost
 41506 | Depths:3 | bart: I didn't plan for any of that
 41506 | Depths:3 | bart: I wouldn't choose vehu for summoner, esp. that I summon nothing
 41506 | Depths:3 | bart: it was random altar that I stupidly chose to test.
 41696 | Depths:3 | Found a shimmering altar of Xom.
 41702 | Depths:3 | emiel: heh
 41928 | Depths:3 | Reached skill level 11 in Charms
 41990 | Depths:3 | emiel: are they removing amulets? or just rmut
 42006 | Depths:3 | bart: so far only rmut
 42006 | Depths:3 | emiel: and that dismissal thing
 42006 | Depths:3 | bart: but more changes will follow
 42006 | Depths:3 | bart: yes, I dislike the idea.
 42081 | Depths:3 | bart: let's bring 10% more randomness into game.
 42097 | Depths:3 | emiel: yeah
 42113 | Depths:3 | emiel: why would you even wear that
 42113 | Depths:3 | emiel: it gives contam if you want to swap
 42113 | Depths:3 | bart: well, there are people who already tested it and enjoyed it.
 42133 | Depths:3 | emiel: hmm
 42145 | Depths:3 | Found Qytepif's General Store.
 42152 | Depths:3 | Bought a scroll of magic mapping for 52 gold pieces
 42152 | Depths:3 | Bought a scroll of blinking for 112 gold pieces
 42152 | Depths:3 | Bought a scroll of enchant armour for 112 gold pieces
 42232 | Depths:3 | Found a one-way gate to the infinite horrors of the Abyss.
 42322 | Depths:4 | Reached skill level 16 in Air Magic
 42339 | Depths:3 | bart: they overdid with wasp spawn ratio
 42441 | Depths:3 | Reached skill level 15 in Shields
 42464 | Depths:5 | Entered Level 5 of the Depths
 42754 | Depths:4 | emiel: yeah
 42757 | Depths:4 | Reached XP level 23. HP: 207/207 MP: 33/39
 42769 | Depths:4 | emiel: wow I just teled onto a zot trap and got abyssed
 42769 | Depths:4 | bart: time for abyss rune?
 42772 | Depths:4 | Found Wiurr's Whimsical Warehouse.
 42805 | Depths:4 | Noticed Margery
 42833 | Depths:4 | Killed Margery
 42862 | Depths:4 | emiel: wow
 42868 | Depths:4 | emiel: it dropped me in abyss 4
 42868 | Depths:4 | emiel: awesome
 42868 | Depths:4 | emiel: that will save time in the future
 43025 | Depths:4 | emiel: this vault is nice
 43025 | Depths:4 | emiel: secret treasure vault
 43121 | Depths:4 | HP: 44/207 [flayed ghost[a curse skull] (21)]
 43339 | Depths:4 | Reached skill level 13 in Spellcasting
 43862 | Depths:4 | Reached skill level 17 in Air Magic
 44840 | Depths:5 | Reached skill level 14 in Spellcasting
 44914 | Depths:5 | Found a gate to the Realm of Zot.
 45533 | Vaults:5 | Entered Level 5 of the Vaults
 45597 | Vaults:5 | Reached XP level 24. HP: 157/216 MP: 41/41
 45633 | Vaults:5 | Reached skill level 18 in Air Magic
 45867 | Vaults:5 | Reached skill level 15 in Spellcasting
 45907 | Vaults:5 | HP: 48/216 [titan (45)]
 45995 | Vaults:5 | Turgon: Hi - 4thArra said that Chei and statue form guarantees < 30 k for every species
 45998 | Vaults:5 | Turgon: (!)
 46002 | Vaults:5 | bart: he might be right.
 46002 | Vaults:5 | Turgon: With the probable exception of Dg
 46002 | Vaults:5 | bart: he just found a sweet, broken combination that hasn't been banned yet.
 46109 | Vaults:5 | Turgon: Actually he's on the way to prove it for Fe
 46117 | Vaults:5 | Turgon: He was in V:5 just a minute before you
 46257 | Vaults:5 | Got a pitted silver ring
 46500 | Vaults:5 | Reached skill level 19 in Air Magic
 46616 | Vaults:5 | Identified the cursed ring "Zigi" {+Blink +Fly Str-6} (You took it off a frost giant on level 5 of the Vaults)
 46619 | Vaults:5 | Got a bloodstained lajatang {vamp}
 46620 | Vaults:5 | Identified the +4 lajatang "Puhagos" {vamp, rElec} (You took it off a yaktaur captain on level 5 of the Vaults)
 46691 | Vaults:5 | Found Uraor's Book Boutique.
 46787 | Vaults:5 | Reached skill level 16 in Spellcasting
 46982 | Vaults:5 | Got a silver rune of Zot
 47137 | Vaults:5 | Learned a level 9 spell: Tornado
 47220 | Vaults:5 | Reached XP level 25. HP: 216/223 MP: 40/43
 47988 | Orc:3    | Bought a wand of heal wounds (0) for 384 gold pieces
 48041 | Elf:1    | Entered Level 1 of the Elven Halls
 48045 | Elf:1    | bart: 4th alive?
 48054 | Elf:1    | Turgon: idk
 48072 | Elf:1    | Turgon: He's not playing
 48072 | Elf:1    | bart: that explains ;)
 48079 | Elf:1    | Turgon: :-)
 48195 | Elf:1    | Reached skill level 20 in Air Magic
 48369 | Elf:1    | Turgon: Although with a Fe he shouldn't die immediately
 48419 | Elf:1    | bart: just about the strategy
 48419 | Elf:1    | bart: I'm wondering what to do with mummy
 48486 | Elf:1    | Turgon: I imagine he has thought about this as well
 48503 | Elf:1    | Reached skill level 17 in Spellcasting
 48634 | Elf:1    | Turgon: I think he makes several theoretical calculations
 48634 | Elf:1    | bart: recently played - mumo of chei
 48656 | Elf:1    | bart: like?
 48966 | Elf:1    | Identified the Reference Book on Creative Confrontation
 48971 | Elf:1    | Turgon: How many k turns it should be at which stage of the game
 49004 | Elf:1    | bart: I think he simply knows after so many trials.
 49170 | Elf:2    | Found Bawengup's Magic Scroll Shoppe.
 49174 | Elf:2    | Bought a scroll of blinking for 135 gold pieces
 49174 | Elf:2    | Bought a scroll of recharging for 171 gold pieces
 49197 | Elf:2    | Found a magical portal.
 49220 | WizLab   | Entered Iskenderun's Mystic Tower
 49257 | Elf:2    | Turgon: Interesting new tiles for Wizlab
 49327 | Elf:2    | Found a runed gate.
 49333 | Elf:2    | Found a runed gate.
 49334 | Elf:2    | Found a runed gate.
 49415 | Elf:3    | Entered Level 3 of the Elven Halls
 49486 | Elf:3    | mark on elf:3
 49486 | Elf:3    | very nice
 50006 | Elf:3    | Identified Zoschor's Almanac of Aerial Toxins
 50030 | Elf:3    | Got a twitching ivory ring
 50043 | Elf:3    | Identified the ring "Iriukep" {Int+2 SInv} (You took it off a deep elf demonologist on level 3 of the Elven Halls)
 50071 | Elf:3    | Got a coiled pewter ring
 50072 | Elf:3    | Identified the ring "Wiusutoq" {+Fly MR++ Int+3} (You took it off a deep elf death mage on level 3 of the Elven Halls)
 50119 | Elf:3    | Got a translucent scale mail
 50184 | Elf:3    | Identified the Disquisition on Lethal Dislocation
 50287 | Elf:3    | Got a twitching jade ring
 50289 | Elf:3    | Identified the ring "Megresseqid" {+/*Tele rElec rF+ rN++ Dex-4} (You took it off a deep elf mage on level 3 of the Elven Halls)
 50788 | Zot:1    | Entered Level 1 of the Realm of Zot
 50795 | Zot:1    | Reached skill level 21 in Air Magic
 50836 | Zot:2    | Reached skill level 18 in Spellcasting
 50836 | Zot:2    | Reached XP level 26. HP: 195/231 MP: 40/45
 51423 | Zot:2    | Got a transparent iron ring
 51474 | Zot:3    | Identified the ring of Arrival {Ice +Inv Int+4} (You took it off a red draconian on level 2 of the Realm of Zot)
 51805 | Zot:3    | Reached skill level 22 in Air Magic
 51879 | Zot:4    | Learned a level 8 spell: Chain Lightning
 51924 | Zot:4    | Reached skill level 19 in Spellcasting
 52001 | Zot:5    | Entered Level 5 of the Realm of Zot
 52213 | Zot:5    | Noticed an orb of fire
 52226 | Zot:5    | Gained mutation: Your magical capacity is low (-10% MP). [an orb of fire]
 52244 | Zot:5    | Killed an orb of fire
 52421 | Zot:5    | Noticed an ancient lich
 52423 | Zot:5    | Noticed an orb of fire
 52430 | Zot:5    | Noticed an orb of fire
 52436 | Zot:5    | Killed an ancient lich
 52436 | Zot:5    | Reached XP level 27. HP: 213/237 MP: 41/41
 52447 | Zot:5    | Killed an orb of fire
 52449 | Zot:5    | Killed an orb of fire
 52451 | Zot:5    | Noticed an orb of fire
 52469 | Zot:5    | Killed an orb of fire
 52469 | Zot:5    | Reached skill level 20 in Spellcasting
 52469 | Zot:5    | Reached skill level 23 in Air Magic
 52490 | Zot:5    | Noticed an orb of fire
 52494 | Zot:5    | Gained mutation: You have very sharp teeth. [an orb of fire]
 52509 | Zot:5    | Noticed an orb of fire
 52510 | Zot:5    | Killed an orb of fire
 52522 | Zot:5    | Killed an orb of fire
 52696 | Zot:5    | Noticed an orb of fire
 52714 | Zot:5    | Killed an orb of fire
 52754 | Zot:5    | Turgon: Orb of fire became an orb of flying
 52846 | Zot:5    | Got the Orb of Zot
 52945 | Zot:4    | Reached skill level 21 in Spellcasting
 52948 | Zot:4    | Noticed Piong the pandemonium lord
 52956 | Zot:4    | Reached skill level 24 in Air Magic
 52961 | Zot:4    | Killed Piong the pandemonium lord
 53020 | Zot:4    | Noticed Kixteh the pandemonium lord
 53078 | Depths:5 | Noticed Pepsomm the pandemonium lord
 53095 | Depths:5 | Killed Pepsomm the pandemonium lord
 53441 | D:10     | Noticed Asheudgho the pandemonium lord
 53504 | D:6      | Noticed Zyroshuth the pandemonium lord
 53520 | D:6      | Killed Zyroshuth the pandemonium lord
 53710 | D:$      | Escaped with the Orb!

Vault maps used:
D:1:      onia_arrival_pentagram, minmay_distorted
D:2:      nicolae_overflow_hidden_temple
D:3:      ecumenical_altar_2
D:4:      kennysheep_little_box, first_bread, tgw_sif, uniq_duvessa,
          uniq_eustachio
D:5:      minmay_temple_entry_statues_pillars, basic_altar, xom_teletrap_fun
D:6:      tgw_fedhas, kennysheep_mini, nicolae_ru_path_of_blood
D:7:      zin_purify, serial_undead, serial_undead_b, serial_undead_a,
          serial_undead_d, serial_undead_a
D:8:      grunt_dithmenos_smoke_and_mirrors
D:9:      grunt_gozag_breadcrumbs, serial_shops, shop, serial_glass,
          glass_columns_c, glass_columns_a
D:11:     lair_0_dummy, serial_shops, kennysheep_mini_moat, nicolae_shop_trees,
          shop_statue, uniq_harold
D:12:     david_orc_5, hangedman_fish_farm, uniq_psyche
D:13:     st_stairs_13
D:14:     david_vaults_4, ashenzari_altar_1, uniq_agnes
D:15:     grunt_enter_depths_hoard, tso_altar, uniq_kirke
Lair:1:   lemuel_fruit_tree, serial_bayou_shore_b, serial_bayou_shore_a
Lair:2:   guppyfry_lair_drakes, infiniplex_staircase_pool
Lair:3:   minmay_shoals_entry_beasts, spider_nest_entry_funnel_web
Lair:4:   portal_ice_cave_entry_imps
Lair:5:   kennysheep_abandoned_house
Lair:7:   dpeg_slime_entry_enclosed_altar
Lair:8:   due_jungle_book
Shoals:1: nicolae_shoals_dead_sea_scrolls, uniq_frances
Shoals:2: nicolae_shoals_c_island, uniq_polyphemus
Shoals:4: shoals_end_hangedman, shoal_ilsuiw
Spider:1: hangedman_spider_trapstep
Spider:2: uniq_arachne
Spider:3: spider_trap, uniq_asterion
Spider:4: grunt_spider_rune_circles
Orc:2:    uniq_sonja
Orc:3:    giant_chief_lemuel, lightli_volcano_entry_magma_tube,
          nicolae_orc_pool_cavern, nicolae_for_you_no_charge, uniq_snorg,
          uniq_urug
Orc:4:    kennysheep_orc_mage_school, serial_shops, shop,
          guppyfry_orc_lava_fort, uniq_donald, uniq_rupert
Elf:1:    minmay_elf_sorcery, grunt_ministairs_15, evilmike_ambush
Elf:2:    infiniplex_enter_wizlab_glasses, serial_shops, nicolae_shop_crystal,
          nrook_uturn
Elf:3:    grunt_elf_hall_diamonds
Vaults:1: nicolae_vaults_disjoint_gnomons, hangedman_vaults_stagger,
          nicolae_vaults_little_squares_4, vaults_dpeg_cross,
          vaults_dpeg_encased_lava, v_misc_24
Vaults:2: v_misc_18, hangedman_vaults_trim, v_alt_pattern_5,
          ontoclasm_vaults_eye, ontoclasm_vaults_fault,
          nicolae_vaults_little_squares_4
Vaults:3: nicolae_vaults_rhombus_5, minmay_crypt_entry_skeletal_spiral,
          hangedman_vaults_maws, hangedman_vaults_slice, grunt_vaults_swirl,
          vaults_room_octagon, v_misc_8, ontoclasm_vaults_echo,
          vaults_mumra_minichess, v_misc_17, hangedman_vaults_restitches,
          vaults_room_octagon, v_alt_pattern_3, serial_shops, bzr_firewalk
Vaults:4: ontoclasm_vaults_loading_screen, nicolae_vaults_mini_display_case,
          vaults_room_guarded_vault, ontoclasm_vaults_tryst,
          hangedman_vaults_stretched_pinwheel, nicolae_vaults_three_branches,
          ontoclasm_vaults_gateway, vaults_room_door_hall, v_misc_23,
          nicolae_vaults_windows_and_doors_thing, v_misc_14, v_misc_2,
          vaults_mumra_hex, ontoclasm_vaults_loading_screen, serial_shops, shop,
          basic_altar, uniq_frederick
Vaults:5: serial_shops
Depths:1: serial_shops, shop, pf_hell_entry_tar_spiral,
          minmay_misc_feat_more_columns, minmay_misc_feat_room,
          nemelex_diamond_rough_becter, serial_bayou_shore_b
Depths:2: little_maze_vault, enter_ziggurat_c, hell_entry, columned_hall_lemuel,
          minmay_staircase_bubble
Depths:3: due_chaos_kobolds, hex_medium, hell_entry, serial_shops, shop,
          rand_demon_pan_entry_4
Depths:4: evilmike_wizard_prison, hangedman_coc_ice_floe, abyss_entry,
          minmay_misc_feat_x, nicolae_alphabet_shops, serial_bayou_shore_b,
          infiniplex_staircase_pool_lava, uniq_margery
Depths:5: evilmike_zot_entry_argh, hangedman_abyss_entry_splay,
          grunt_pan_entry_spiral, hell_entry, minmay_crystal_room
Zot:1:    nicolae_zot_draconian_monastery
Zot:2:    grunt_megastairs_2
Zot:3:    hangedman_zot_wheel_spokes
Bazaar:   bazaar_short_row
IceCv:    ice_cave_small_dragons
Volcano:  volcano_lake
WizLab:   wizlab_iskenderun

Action                   |  1- 3 |  4- 6 |  7- 9 | 10-12 | 13-15 | 16-18 | 19-21 | 22-24 | 25-27 || total
-------------------------+-------+-------+-------+-------+-------+-------+-------+-------+-------++-------
Melee: Halberd           |    21 |    40 |       |       |       |       |       |       |       ||    61
       Dagger            |       |     4 |   279 |   312 |       |       |       |       |       ||   595
       Whip              |       |       |       |   310 |       |       |       |       |       ||   310
       Demon whip        |       |       |       |     9 |  1008 |  1147 |  1166 |  1664 |  1133 ||  6127
 Fire: Blowgun           |       |       |     4 |       |    40 |       |       |       |       ||    44
Throw: Stone             |     1 |     3 |    34 |    24 |     7 |       |       |       |       ||    69
       Javelin           |       |       |       |       |     1 |     8 |     4 |       |       ||    13
 Cast: Summon Small Mamm |    26 |    12 |       |       |       |       |       |       |       ||    38
       Call Canine Famil |       |    16 |    36 |    17 |       |       |       |       |       ||    69
       Summon Ice Beast  |       |       |    23 |   144 |    60 |     2 |       |       |       ||   229
       Summon Lightning  |       |       |       |    16 |    15 |     9 |       |       |       ||    40
       Throw Frost       |       |       |       |     1 |     1 |       |       |       |       ||     2
       Poisonous Cloud   |       |       |       |       |   115 |    50 |    43 |    30 |    20 ||   258
       Freezing Cloud    |       |       |       |       |     9 |    46 |    41 |    45 |    20 ||   161
       Poison Arrow      |       |       |       |       |    14 |    75 |    85 |    87 |    70 ||   331
       Apportation       |       |       |       |       |       |     3 |       |       |     1 ||     4
       Deflect Missiles  |       |       |       |       |       |       |     1 |     9 |     9 ||    19
       Blink             |       |       |       |       |       |       |       |     3 |     2 ||     5
       Haste             |       |       |       |       |       |       |       |     7 |     4 ||    11
       Tornado           |       |       |       |       |       |       |       |       |    46 ||    46
       Passage of Golubr |       |       |       |       |       |       |       |       |     2 ||     2
 Abil: Spit Poison       |    34 |    53 |    71 |   101 |    38 |    15 |     2 |       |       ||   314
Evoke: Wand              |       |     1 |       |    21 |       |       |     2 |    15 |     8 ||    47
  Use: Scroll            |       |       |    12 |    22 |    14 |    12 |    10 |    11 |    16 ||    97
       Potion            |       |       |    11 |     5 |     1 |     3 |     2 |     5 |     6 ||    33
 Stab: Sleeping          |     1 |       |     6 |    10 |    12 |    12 |     8 |     9 |     5 ||    63
       Distracted        |       |     1 |     4 |    13 |     5 |     4 |     2 |       |     3 ||    32
       Paralysed         |       |     4 |       |     9 |       |       |       |       |       ||    13
       Invisible         |       |       |       |       |       |       |     1 |     2 |       ||     3
  Eat: Chunk             |     2 |    10 |    18 |    40 |    73 |    49 |    66 |    36 |    29 ||   323
       Meat ration       |       |       |     1 |     1 |     2 |     4 |     1 |     3 |     6 ||    18
       Pizza             |       |       |     1 |     1 |     1 |     1 |       |     1 |     1 ||     6
       Fruit             |       |       |     1 |     1 |       |       |       |     1 |       ||     3
       Royal jelly       |       |       |     1 |       |     1 |     3 |       |     3 |       ||     8
       Beef jerky        |       |       |       |     2 |     2 |     4 |       |     2 |     2 ||    12

Vault maps used:
D:1:      onia_arrival_pentagram, minmay_distorted
D:2:      nicolae_overflow_hidden_temple
D:3:      ecumenical_altar_2
D:4:      kennysheep_little_box, first_bread, tgw_sif, uniq_duvessa,
          uniq_eustachio
D:5:      minmay_temple_entry_statues_pillars, basic_altar, xom_teletrap_fun
D:6:      tgw_fedhas, kennysheep_mini, nicolae_ru_path_of_blood
D:7:      zin_purify, serial_undead, serial_undead_b, serial_undead_a,
          serial_undead_d, serial_undead_a
D:8:      grunt_dithmenos_smoke_and_mirrors
D:9:      grunt_gozag_breadcrumbs, serial_shops, shop, serial_glass,
          glass_columns_c, glass_columns_a
D:11:     lair_0_dummy, serial_shops, kennysheep_mini_moat, nicolae_shop_trees,
          shop_statue, uniq_harold
D:12:     david_orc_5, hangedman_fish_farm, uniq_psyche
D:13:     st_stairs_13
D:14:     david_vaults_4, ashenzari_altar_1, uniq_agnes
D:15:     grunt_enter_depths_hoard, tso_altar, uniq_kirke
Lair:1:   lemuel_fruit_tree, serial_bayou_shore_b, serial_bayou_shore_a
Lair:2:   guppyfry_lair_drakes, infiniplex_staircase_pool
Lair:3:   minmay_shoals_entry_beasts, spider_nest_entry_funnel_web
Lair:4:   portal_ice_cave_entry_imps
Lair:5:   kennysheep_abandoned_house
Lair:7:   dpeg_slime_entry_enclosed_altar
Lair:8:   due_jungle_book
Shoals:1: nicolae_shoals_dead_sea_scrolls, uniq_frances
Shoals:2: nicolae_shoals_c_island, uniq_polyphemus
Shoals:4: shoals_end_hangedman, shoal_ilsuiw
Spider:1: hangedman_spider_trapstep
Spider:2: uniq_arachne
Spider:3: spider_trap, uniq_asterion
Spider:4: grunt_spider_rune_circles
Orc:2:    uniq_sonja
Orc:3:    giant_chief_lemuel, lightli_volcano_entry_magma_tube,
          nicolae_orc_pool_cavern, nicolae_for_you_no_charge, uniq_snorg,
          uniq_urug
Orc:4:    kennysheep_orc_mage_school, serial_shops, shop,
          guppyfry_orc_lava_fort, uniq_donald, uniq_rupert
Elf:1:    minmay_elf_sorcery, grunt_ministairs_15, evilmike_ambush
Elf:2:    infiniplex_enter_wizlab_glasses, serial_shops, nicolae_shop_crystal,
          nrook_uturn
Elf:3:    grunt_elf_hall_diamonds
Vaults:1: nicolae_vaults_disjoint_gnomons, hangedman_vaults_stagger,
          nicolae_vaults_little_squares_4, vaults_dpeg_cross,
          vaults_dpeg_encased_lava, v_misc_24
Vaults:2: v_misc_18, hangedman_vaults_trim, v_alt_pattern_5,
          ontoclasm_vaults_eye, ontoclasm_vaults_fault,
          nicolae_vaults_little_squares_4
Vaults:3: nicolae_vaults_rhombus_5, minmay_crypt_entry_skeletal_spiral,
          hangedman_vaults_maws, hangedman_vaults_slice, grunt_vaults_swirl,
          vaults_room_octagon, v_misc_8, ontoclasm_vaults_echo,
          vaults_mumra_minichess, v_misc_17, hangedman_vaults_restitches,
          vaults_room_octagon, v_alt_pattern_3, serial_shops, bzr_firewalk
Vaults:4: ontoclasm_vaults_loading_screen, nicolae_vaults_mini_display_case,
          vaults_room_guarded_vault, ontoclasm_vaults_tryst,
          hangedman_vaults_stretched_pinwheel, nicolae_vaults_three_branches,
          ontoclasm_vaults_gateway, vaults_room_door_hall, v_misc_23,
          nicolae_vaults_windows_and_doors_thing, v_misc_14, v_misc_2,
          vaults_mumra_hex, ontoclasm_vaults_loading_screen, serial_shops, shop,
          basic_altar, uniq_frederick
Vaults:5: serial_shops
Depths:1: serial_shops, shop, pf_hell_entry_tar_spiral,
          minmay_misc_feat_more_columns, minmay_misc_feat_room,
          nemelex_diamond_rough_becter, serial_bayou_shore_b
Depths:2: little_maze_vault, enter_ziggurat_c, hell_entry, columned_hall_lemuel,
          minmay_staircase_bubble
Depths:3: due_chaos_kobolds, hex_medium, hell_entry, serial_shops, shop,
          rand_demon_pan_entry_4
Depths:4: evilmike_wizard_prison, hangedman_coc_ice_floe, abyss_entry,
          minmay_misc_feat_x, nicolae_alphabet_shops, serial_bayou_shore_b,
          infiniplex_staircase_pool_lava, uniq_margery
Depths:5: evilmike_zot_entry_argh, hangedman_abyss_entry_splay,
          grunt_pan_entry_spiral, hell_entry, minmay_crystal_room
Zot:1:    nicolae_zot_draconian_monastery
Zot:2:    grunt_megastairs_2
Zot:3:    hangedman_zot_wheel_spokes
Bazaar:   bazaar_short_row
IceCv:    ice_cave_small_dragons
Volcano:  volcano_lake
WizLab:   wizlab_iskenderun

Table legend:
 A = Turns spent in this place as a percentage of turns spent in the entire game.
 B = Non-inter-level travel turns spent in this place as a percentage of non-inter-level travel turns spent in the entire game.
 C = Inter-level travel turns spent in this place as a percentage of turns spent in this place.
 D = Turns resting spent in this place as a percentage of non-inter-level travel turns spent in this place.
 E = Turns spent auto-exploring this place as a percentage of non-inter-level travel turns spent in this place.
 F = Non-inter-level travel turns spent in this place divided by the number of levels of this place that you've seen.
                   A       B       C       D       E      F
               +-------+-------+-------+-------+-------+----------------------
         Total | 100.0 | 100.0 |   0.5 |   1.7 |   0.1 | 694.5
       Dungeon |  22.3 |  22.2 |   0.7 |   1.0 |   0.0 | 586.7
          Lair |  14.5 |  14.5 |   0.7 |   2.8 |   0.0 | 716.9
        Shoals |   6.2 |   6.2 |   0.3 |   1.9 |   0.0 | 616.5
   Spider Nest |   8.0 |   8.0 |   0.3 |   2.3 |   0.0 | 794.8
  Orcish Mines |   7.9 |   7.9 |   0.5 |   1.1 |   0.1 | 785.2
   Elven Halls |   4.4 |   4.4 |   0.2 |   2.2 |   1.3 | 582.3
        Vaults |  15.1 |  15.1 |   0.3 |   1.7 |   0.0 | 1197.6
        Depths |  14.6 |  14.6 |   0.5 |   1.4 |   0.0 | 1159.4
           Zot |   4.9 |   4.9 |   0.3 |   2.6 |   0.0 | 385.2
        Bazaar |   0.2 |   0.2 |   0.0 |   0.0 |   0.0 |  85.0
      Ice Cave |   1.2 |   1.2 |   0.0 |   1.7 |   0.0 | 461.0
       Volcano |   0.6 |   0.6 |   0.0 |   1.6 |   0.0 | 252.0
        Wizlab |   0.0 |   0.0 |   0.0 |  20.0 |   0.0 |  10.0
               +-------+-------+-------+-------+-------+----------------------

Table legend:
 A = Kills in this place as a percentage of kills in entire the game.
 B = Kills by you in this place as a percentage of kills by you in the entire game.
 C = Kills by friends in this place as a percentage of kills by friends in the entire game.
 D = Other kills in this place as a percentage of other kills in the entire game.
 E = Experience gained in this place as a percentage of experience gained in the entire game.
 F = Experience gained in this place divided by the number of levels of this place that you have seen.
                   A       B       C       D       E      F
               +-------+-------+-------+-------+-------+----------------------
         Total | 100.0 | 100.0 | 100.0 | 100.0 | 100.0 | 25912.8
       Dungeon |  17.3 |  13.8 |  51.2 |   6.7 |   5.3 | 5219.1
          Lair |  11.6 |   8.6 |  40.7 |   0.0 |   2.8 | 5078.2
        Shoals |   5.3 |   5.9 |   0.0 |   0.0 |   5.3 | 19480.8
   Spider Nest |   8.1 |   8.9 |   0.8 |   0.0 |   6.3 | 23260.8
  Orcish Mines |  12.6 |  13.4 |   5.6 |   0.0 |   3.0 | 11167.5
   Elven Halls |   5.5 |   6.0 |   0.0 |  20.0 |   6.2 | 30609.0
        Vaults |  17.6 |  19.4 |   0.0 |  33.3 |  24.3 | 71846.8
        Depths |  14.6 |  16.2 |   0.0 |   6.7 |  23.2 | 68580.0
           Zot |   6.3 |   6.8 |   0.0 |  33.3 |  23.2 | 68458.2
      Ice Cave |   0.7 |   0.7 |   1.2 |   0.0 |   0.3 | 4007.0
       Volcano |   0.3 |   0.3 |   0.4 |   0.0 |   0.2 | 2224.0
               +-------+-------+-------+-------+-------+----------------------
